 Dungeon Crawl Stone Soup version 0.30-a0-223-gcb0039aa0c (webtiles) character file.

Game seed: 14026201783564585836

182 bande the Trooper (level 5, -2/33 HPs)
             Began as a Gargoyle Fighter on Oct 10, 2022.
             Slain by a mummy (10 damage)
             ... in an ossuary.
             The game lasted 00:05:52 (3466 turns).

bande the Trooper (Gargoyle Fighter)                Turns: 3466, Time: 00:05:53

Health: -2/33      AC: 18    Str: 19    XL:     5   Next: 61%
Magic:  5/5        EV:  9    Int:  9    God:
Gold:   265        SH:  4    Dex: 11    Spells: 4/4 levels left

rFire   . . .      SeeInvis .    k - +0 broad axe
rCold   . . .      Faith    .    c - +0 buckler
rNeg    + + .      Spirit   .    j - +0 plate armour
rPois   ∞          Reflect  .    n - +1 helmet
rElec   +          Harm     .    (no cloak)
rCorr   +          Rampage  .    (no gloves)
Will    +....                    (no boots)
Stlth   ..........               r - amulet of regeneration
HPRegen 1.05/turn                e - ring of willpower
MPRegen 0.09/turn                v - ring of Konk {rN+ rCorr EV+4}

@: no status effects
A: sickness immunity, AC +4, negative energy resistance 1, electricity
resistance, torment resistance 1, petrification resistance
a: no special abilities


You were in an ossuary.
You visited 1 branch of the dungeon, and saw 4 of its levels.
You also visited: Ossuary.

You collected 265 gold pieces.

Inventory:

Hand Weapons
 a - a +1 war axe
 k - a +0 broad axe (weapon)
Missiles
 m - 2 throwing nets (quivered)
Armour
 c - a +0 buckler (worn)
 j - a +0 plate armour (worn)
 n - a +1 helmet (worn)
Jewellery
 e - a ring of willpower (left hand)
 h - an amulet of magic regeneration
 i - a ring of protection from fire
 r - an amulet of regeneration (around neck)
 t - a ring of resist corrosion
 v - the ring of Konk (right hand) {rN+ rCorr EV+4}
   (You found it on level 3 of the Dungeon)

   [ring of evasion]

   EV:        It affects your evasion (+4).
   rN:        It protects you from negative energy.
   rCorr:     It protects you from acid and corrosion.
Wands
 b - a wand of paralysis (5)
Scrolls
 f - 2 scrolls of enchant weapon
 g - a scroll of identify
 q - 4 scrolls of teleportation
 s - a scroll of enchant armour
Potions
 d - a potion of might
 l - 2 potions of berserk rage {unknown}
 o - 5 potions of curing {unknown}
 p - a potion of lignification {unknown}


   Skills:
 + Level 4.2 Fighting
 + Level 3.4 Axes
 + Level 4.2 Armour
 + Level 3.9 Shields
 * Level 0.8 Evocations


You had 4 spell levels left.
You didn't know any spells.
Your spell library contained the following spells:

 Spells                   Type           Power      Damage    Failure   Level
 Scorch                   Fire           0%         2d5       100%        2
 Ozocubu's Armour         Ice            0%         N/A       100%        3
 Flame Wave               Conj/Fire      0%         2d4       100%        4
 Summon Cactus Giant      Summ           0%         N/A       100%        6
 Ozocubu's Refrigeration  Ice            0%         4d7       100%        7


Dungeon Overview and Level Annotations

Branches:
Dungeon (4/15)            Ossuary (1/1)
 Temple: D:4-7

Altars:

Shops:
D:4 [


Innate Abilities, Weirdness & Mutations

You are immune to sickness and miasma.
Your stone body is resilient. (AC +4)
You are immune to poison.
You resist negative energy. (rN+)
You are resistant to electric shocks. (rElec)
You are resistant to unholy torment.
You are immune to petrification.


Message History

You block the hobgoblin's attack.
You hit the hobgoblin.
You kill the hobgoblin!
You see here a hobgoblin corpse.
Found a book of Winter and 5 stones.
There is a sand-covered staircase here.
The world spins around you as you enter the gateway.
You enter an ossuary!
Found a gate leading back out of this place.
There is an empty arch of ancient stone here.
The mummy hits you but does no damage. The mummy hits you!
You barely miss the mummy. You hit the mummy but do no damage.
You hit the mummy. The mummy hits you but does no damage. The mummy hits you!
The mummy hits you but does no damage.
You barely miss the mummy. You slash the mummy!
You hit the mummy but do no damage. You block the mummy's attack.
The mummy hits you. You block the mummy's attack.
You closely miss the mummy. You hit the mummy. x2
You block the mummy's attack. The mummy hits you but does no damage.
The mummy hits you.
* * * LOW HITPOINT WARNING * * *
Unknown command.
You slash the mummy!
The mummy is heavily damaged.
You barely miss the mummy. You hit the mummy.
You destroy the mummy!
You block the mummy's attack.
You barely miss the mummy.
The mummy is heavily damaged.
You hit the mummy. The mummy closely misses you.
Unknown command.
You barely miss the mummy.
The mummy is heavily damaged.
You hit the mummy. The mummy hits you.
* * * LOW HITPOINT WARNING * * *
The mummy hits you but does no damage.
You hit the mummy but do no damage.
The mummy is heavily damaged.
You hit the mummy but do no damage. The mummy hits you!
You die...

#####
##...##
#.....#
#..MM.#
#..@..#
#.....#
#..∩..#
#.....#
#..∩..#
#.....#
#....^#
#.....#
....^..


You could see 2 mummies.

Vanquished Creatures
  A mummy (Ossuary)
  Robin (D:2)
  4 gnolls
  4 adders
  A worm (D:2)
  2 dart slugs
  7 orcs
  6 bats
  4 endoplasms
  3 giant cockroaches
  7 goblins
  7 hobgoblins
  7 kobolds
  2 quokkas
  4 ball pythons
  4 frilled lizards
  7 rats
71 creatures vanquished.

Notes
Turn   | Place    | Note
-------+----------+-------------------------------------------
     0 | D:1      | bande the Gargoyle Fighter began the quest for the Orb.
     0 | D:1      | Reached XP level 1. HP: 14/14 MP: 1/1
   220 | D:1      | Reached XP level 2. HP: 19/19 MP: 2/2
   701 | D:1      | Reached XP level 3. HP: 24/24 MP: 3/3
  1356 | D:1      | Reached XP level 4. HP: 29/29 MP: 4/4
  1910 | D:2      | Noticed Robin
  1936 | D:2      | Killed Robin
  2070 | D:2      | Reached XP level 5. HP: 33/33 MP: 5/5
  2569 | D:2      | Found a faded altar of an unknown god.
  3225 | D:3      | Identified the ring of Konk {rN+ rCorr EV+4}
  3372 | D:4      | Found Sios's Antique Armour Emporium.
  3438 | D:4      | Found a sand-covered staircase.
  3455 | Ossuary  | Entered an ossuary
  3466 | Ossuary  | Slain by a mummy

Illustrated notes

Levels and vault maps discovered:
D:1:      shiori_arrival_maze, layout_loops_corners
D:2:      layout_loops_ring, hellmonk_ecumenical_altar_defaced_shrine,
          grunt_ministairs_10, uniq_robin
D:3:      layout_basic
D:4:      minmay_chambers_of_fours, layout_basic, enter_ossuary_1, serial_shops,
          nicolae_shop_waterfront, hangedman_decor_push
Ossuary:  ossuary_the_hunt_dpeg

Skill      XL: |  1  2  3  4 |
---------------+-------------+-----
Axes           | 2 3 |  3.4
Fighting       | 4 |  4.2
Armour         | 4 |  4.2
Shields        | |  3.9
Evocations     | |  0.8

Action                   |  1- 3 |  4- 6 || total
-------------------------+-------+-------++-------
Melee: War axe           |    68 |    63 ||   131
       Broad axe         |       |    77 ||    77
  Use: Scroll            |       |     7 ||     7
Armor: Scale mail        |    23 |       ||    23
       Plate armour      |    42 |   116 ||   158
Dodge: Dodged            |    28 |    42 ||    70
Block: Buckler           |    20 |    39 ||    59

Table legend: (Time is in decaauts)
 A = Elapsed time spent in this place.
 B = Non-inter-level travel time spent in this place.
 C = Inter-level travel time spent in this place.
 D = Time resting spent in this place.
 E = Time spent auto-exploring this place.
 F = Levels seen in this place.
 G = Mean time per level.
                   A        B        C        D        E       F      G
               +--------+--------+--------+--------+--------+-----+--------+
         Total |   3560 |   3536 |     24 |    841 |   1908 |   5 |  712.0 |
       Dungeon |   3547 |   3523 |     24 |    841 |   1908 |   4 |  886.8 |
       Ossuary |     13 |     13 |      0 |      0 |      0 |   1 |   13.0 |
               +--------+--------+--------+--------+--------+-----+--------+

Top non-repeatable levels by time:
     D:1: 1597 daAuts
     D:2: 1235 daAuts
     D:3: 590 daAuts
     D:4: 123 daAuts
 Ossuary: 13 daAuts
